 Dungeon Crawl Stone Soup version 0.25-a0-566-g062765be81 (webtiles) character file.

Game seed: 18253982771833090257, levelgen mode: deterministic

133 Crl the Shooter (level 4, -3/37 HPs)
             Began as a Centaur Hunter on Feb 27, 2020.
             Slain by an orc priest (5 damage)
             ... on level 2 of the Dungeon.
             The game lasted 00:12:10 (2884 turns).

Crl the Shooter (Centaur Hunter)                    Turns: 2884, Time: 00:12:11

Health: -3/37      AC:  8    Str: 15    XL:     4   Next: 94%
Magic:  4/4        EV:  9    Int: 10    God:
Gold:   108        SH:  0    Dex: 10    Spells: 3/3 levels left

rFire    . . .     SeeInvis .     - Unarmed
rCold    . . .     Gourm    .   (no shield)
rNeg     . . .     Faith    .   r - +2 ring mail {rPois}
rPois    +         Spirit   .   (no helmet)
rElec    .         Reflect  .   (no cloak)
rCorr    .         Harm     .   h - +0 pair of gloves
MR       .....                  (no barding)
Stlth    ..........             (no amulet)
HPRegen  0.12/turn              (no ring)
MPRegen  0.09/turn              (no ring)

@: very quick
A: large, hooves 3, deformed body, speed 2, tough skin 3
a: no special abilities


You were on level 2 of the Dungeon.
You were not hungry.

You visited 1 branch of the dungeon, and saw 3 of its levels.

You collected 108 gold pieces.

Inventory:

Hand Weapons
 a - a +1 shortbow
 b - a +0 short sword
 o - a +0 dagger of holy wrath
Missiles
 d - 95 arrows
Armour
 h - a +0 pair of gloves (worn)
 r - a +2 ring mail of poison resistance (worn)
Scrolls
 e - 2 scrolls of fear {unknown}
 k - 3 scrolls of identify {unknown}
 l - a scroll of magic mapping {unknown}
 q - a scroll of immolation {unknown}
Potions
 i - 4 potions of lignification {unknown}
 j - a potion of curing {unknown}
 m - a potion of mutation {unknown}
 p - 2 potions of brilliance {unknown}
Comestibles
 f - 9 rations
 g - 7 chunks of flesh


   Skills:
 + Level 2.7 Fighting
 + Level 6.4 Bows
 + Level 1.0 Armour
 + Level 2.0 Dodging
 - Level 0.5 Stealth
 + Level 1.6 Unarmed Combat


You had 3 spell levels left.
You didn't know any spells.
Your spell library was empty.

Dungeon Overview and Level Annotations

Branches:
Dungeon (3/15)

Altars:
Elyvilon
Qazlal
Ru
Vehumet


Innate Abilities, Weirdness & Mutations

You have hooves in place of feet.
Armour fits poorly on your strangely shaped body.
You cover ground very quickly.
You have extremely tough skin. (AC +3)


Message History

Beogh smites you!
* * * LOW HITPOINT WARNING * * *
You hit the orc priest.
The orc priest is heavily wounded.
The orc priest barely misses you.
You hit the orc priest but do no damage.
Your kick misses the orc priest.
The orc priest is heavily wounded.
The orc priest miscasts a cantrip.
You hit the orc priest but do no damage.
You kick the orc priest, but do no damage.
The orc priest is heavily wounded.
The orc priest barely misses you.
You closely miss the orc priest. Your kick misses the orc priest.
The orc priest is heavily wounded.
The orc priest hits you but does no damage.
You closely miss the orc priest. Your kick misses the orc priest.
The orc priest is heavily wounded.
The orc priest hits you.
You die...

.....8.........#...P##...........
.##.....#...#...P...##.#.........
.##..............................
.#######....###.P.P..............
...#####..#......................
.#...#...........................
.###.............................
.##............[))...............
.......#.......o@........####...#
.....#...................# #....
....##.#............###### #....
...###.#..........#.# #)(..
..##................#########....
.(..........................(....
#<#.####............#########....
#.<..).#..............# #....
#.....................# #....


You could see an orc priest.

Vanquished Creatures
  2 adders
  A shadow imp (D:2)
  An ooze (D:3)
  2 adder zombies (D:2)
  2 dart slugs (D:2)
  2 leopard geckos
  6 orcs
  4 giant cockroaches
  8 goblins
  10 hobgoblins
  9 jackals
  7 kobolds
  5 ball pythons
  A ball python skeleton (D:2)
  10 bats
  A frilled lizard (D:2)
  A jackal skeleton (D:3)
  A jackal zombie (D:2)
  6 rats (D:1)
79 creatures vanquished.

Notes
Turn   | Place    | Note
-------+----------+-------------------------------------------
     0 | D:1      | Crl the Centaur Hunter began the quest for the Orb.
     0 | D:1      | Reached XP level 1. HP: 17/17 MP: 1/1
   203 | D:1      | Reached XP level 2. HP: 17/24 MP: 2/2
   858 | D:1      | Reached XP level 3. HP: 29/29 MP: 3/3
   951 | D:1      | Reached skill level 6 in Bows
  1287 | D:2      | Reached skill level 1 in Unarmed Combat
  1300 | D:2      | Found a sacrificial altar of Ru.
  1630 | D:2      | Reached XP level 4. HP: 35/37 MP: 4/4
  1982 | D:3      | Found a radiant altar of Vehumet.
  2004 | D:3      | Found a white marble altar of Elyvilon.
  2004 | D:3      | Found a stormy altar of Qazlal.
  2248 | D:3      | Reached skill level 1 in Armour
  2879 | D:2      | HP: 1/37 [orc priest/divine providence (16)]
  2884 | D:2      | Slain by an orc priest

Levels and vault maps discovered:
D:1:      ncdulo_halloftheorcs, layout_basic
D:2:      layout_rooms, nicolae_ru_sacrificial_ziggurat, serial_undead,
          serial_undead_b, serial_undead_b, serial_undead_d, serial_undead_e
D:3:      layout_rooms, grunt_temple_overflow_open

Skill      XL: |  1  2  3  4 |
---------------+-------------+-----
Bows           | 6 |  6.4
Unarmed Combat | 1 |  1.6
Dodging        | 2 |  2.0
Armour         | 1 |  1.0
Fighting       | |  2.7
Stealth        | |  0.5

Action                   |  1- 3 |  4- 6 || total
-------------------------+-------+-------++-------
Melee: Unarmed           |   214 |   152 ||   366
       Kick              |    40 |    33 ||    73
       Short sword       |     1 |       ||     1
 Fire: Shortbow          |     8 |     2 ||    10
  Eat: Chunk             |     2 |     3 ||     5
Armor: Leather armour    |     6 |       ||     6
       Chain mail        |   217 |    76 ||   293
       Ring mail         |       |    35 ||    35
Dodge: Dodged            |    63 |    57 ||   120

Table legend:
 A = Non-vault XP
 B = Vault XP
 C = Vault XP percentage of total XP
 D = Non-vault monster count
 E = Vault monster count
 F = Vault count percentage of total count
                 A         B        C        D         E       F
            +---------+---------+-------+---------+---------+-------
      Total |     178 |      13 |   6.8 |      75 |       4 |   5.1
            +---------+---------+-------+---------+---------+-------
        D:1 |      46 |       0 |   0.0 |      29 |       0 |   0.0
        D:2 |      87 |      13 |  13.0 |      32 |       4 |  11.1
        D:3 |      45 |       0 |   0.0 |      14 |       0 |   0.0
            +---------+---------+-------+---------+---------+-------
